 Dungeon Crawl Stone Soup version 0.28-a0-1510-gd0f6b136d3 (webtiles) character file.

Game seed: 7460991481789658334

46 chunkyMonkey the Covered (level 3, -3/31 HPs)
             Began as a Demigod Fighter on Jan 14, 2022.
             Slain by a gnoll (9 damage)
             ... on level 1 of the Dungeon.
             The game lasted 00:01:19 (1135 turns).

chunkyMonkey the Covered (Demigod Fighter)          Turns: 1135, Time: 00:01:20

Health: -3/31      AC:  6    Str: 21    XL:     3   Next: 26%
Magic:  6/6        EV:  9    Int: 10    God:
Gold:   26         SH:  4    Dex: 13    Spells: 3/3 levels left

rFire   . . .      SeeInvis .   a - +0 war axe
rCold   . . .      Faith    .   c - +0 buckler
rNeg    . . .      Spirit   .   b - +0 scale mail
rPois   .          Reflect  .   (no helmet)
rElec   .          Harm     .   (no cloak)
rCorr   .          Rampage  .   (no gloves)
Will    .....                   (no boots)
Stlth   ..........              (no amulet)
HPRegen 0.10/turn               g - ring of wizardry
MPRegen 0.10/turn               (no ring)

@: no status effects
A: high mp 1, forlorn, divine attributes
a: no special abilities


You were on level 1 of the Dungeon.
You visited 1 branch of the dungeon, and saw 2 of its levels.

You collected 26 gold pieces.

Inventory:

Hand Weapons
 a - a +0 war axe (weapon)
Missiles
 f - 7 poisoned darts (quivered)
Armour
 b - a +0 scale mail (worn)
 c - a +0 buckler (worn)
Jewellery
 g - a ring of wizardry (left hand)
Potions
 d - a potion of might
 e - a potion of attraction {unknown}


   Skills:
 * Level 3.0 Fighting
 * Level 2.2 Axes
 * Level 3.0 Armour
 + Level 0.7 Dodging
 * Level 3.0 Shields
 + Level 0.5 Spellcasting


You had 3 spell levels left.
You didn't know any spells.
Your spell library contained the following spells:

 Spells                   Type           Power      Damage    Failure   Level
 Ensorcelled Hibernation  Hex/Ice        0%         N/A       58%         2
 Passwall                 Tmut/Erth      0%         N/A       58%         2
 Swiftness                Air            0%         N/A       80%         3


Dungeon Overview and Level Annotations

Branches:
Dungeon (2/15)


Innate Abilities, Weirdness & Mutations

You have an increased reservoir of magic. (+10% MP)
You shall have no god before yourself.
Your divine heritage dramatically boosts your attributes as you level up.


Message History

Done exploring.
There is a stone staircase leading down here.
You climb downwards.
The gnoll shouts! x4
Found 7 gold pieces.
There is a stone staircase leading up here.
There are monsters nearby!
You block the gnoll's attack. The gnoll hits you with a +0 flail.
You climb upwards.
There is a stone staircase leading down here.
You hit the gnoll.
The gnoll is moderately wounded.
You hit the gnoll. The gnoll hits you with a +0 flail.
The gnoll hits you with a +0 spear.
You closely miss the gnoll.
The gnoll is moderately wounded.
You slash the gnoll! The gnoll hits you with a +0 flail!
The gnoll hits you with a +0 spear.
You are too injured to fight recklessly!
You are too injured to fight recklessly!
You are too injured to fight recklessly!
You are too injured to fight recklessly!
You are too injured to fight recklessly!
You are too injured to fight recklessly!
You are too injured to fight recklessly!
You are too injured to fight recklessly!
You are too injured to fight recklessly!
You are too injured to fight recklessly!
You are too injured to fight recklessly!
You are too injured to fight recklessly!
You closely miss the gnoll.
The gnoll is almost dead.
You hit the gnoll. The gnoll hits you with a +0 flail!
* * * LOW HITPOINT WARNING * * *
The gnoll hits you but does no damage. The gnoll misses you.
You block the gnoll's attack.
You hit the gnoll.
You kill the gnoll!
You hit the gnoll. The gnoll hits you with a +0 flail!
You die...

.....†.#.##.#.#####............#.
##.....#.##.#.# #.##..(......##
#.....#.##.#.# #.#####...#.##
###.###.#....#####.# #...#.#
#....(..#........# #.♣♣♣♣♣♣♣
########.#....####### #♣♣.....♣
............#.# ♣♣.......
.#######......##########♣....♣.♣.
.# ####....g@)......♣.....⌠.. .#
#.############♣....♣.♣. .# #.#
♣♣....... .# ########.###
♣♣...... .###..........# #♣♣♣...♣
).............# #.##...#
..##.#####....# #.##...#
........#####># ########.####.#
..##.##.# #.# #.........†...#


You could see a gnoll.

Vanquished Creatures
  A gnoll (D:1)
  4 dart slugs (D:1)
  3 endoplasms (D:1)
  3 giant cockroaches (D:1)
  7 goblins (D:1)
  3 hobgoblins (D:1)
  A quokka (D:1)
  3 ball pythons (D:1)
  A frilled lizard (D:1)
  4 kobolds (D:1)
  4 rats (D:1)
34 creatures vanquished.

Notes
Turn   | Place    | Note
-------+----------+-------------------------------------------
     0 | D:1      | chunkyMonkey the Demigod Fighter began the quest for the
                  | Orb.
     0 | D:1      | Reached XP level 1. HP: 18/18 MP: 3/3
   271 | D:1      | Reached XP level 2. HP: 25/25 MP: 4/4
   635 | D:1      | Reached XP level 3. HP: 24/30 MP: 6/6
  1135 | D:1      | Slain by a gnoll

Illustrated notes

Levels and vault maps discovered:
D:1:      amcnicky_arrival_underground_garden, layout_loops_ring,
          hellmonk_ecumenical_altar_pennies_from_heaven, st_stairs_11,
          minmay_octomino_e4
D:2:      layout_loops_cross, uniq_sigmund

Skill      XL: |  1  2  3 |
---------------+----------+-----
Axes           | 2 |  2.2
Fighting       | 3 |  3.0
Armour         | 3 |  3.0
Shields        | 3 |  3.0
Dodging        | |  0.7
Spellcasting   | |  0.5

Action                   || total
-------------------------++-------
Melee: War axe           ||    82
Armor: Scale mail        ||    36
Dodge: Dodged            ||    44
Block: Buckler           ||    21

Table legend: (Time is in decaauts)
 A = Elapsed time spent in this place.
 B = Non-inter-level travel time spent in this place.
 C = Inter-level travel time spent in this place.
 D = Time resting spent in this place.
 E = Time spent auto-exploring this place.
 F = Levels seen in this place.
 G = Mean time per level.
                   A        B        C        D        E       F      G
               +--------+--------+--------+--------+--------+-----+--------+
         Total |   1171 |   1145 |     26 |    314 |    606 |   2 |  585.5 |
       Dungeon |   1171 |   1145 |     26 |    314 |    606 |   2 |  585.5 |
               +--------+--------+--------+--------+--------+-----+--------+

Top non-repeatable levels by time:
     D:1: 1170 daAuts
     D:2: 1 daAuts
